[Event "2nd Turkish League 2017"]
[Site "Konya"]
[Date "2017.07.17"]
[Round "1"]
[White "Rzayev, Bahruz"]
[Black "Bacak, Muhammed Kaan"]
[Result "1/2-1/2"]
[ECO "C29"]
[WhiteElo "2386"]
[BlackElo "2048"]
[Annotator "NA"]
[PlyCount "119"]
[EventType "team-tourn"]
[EventCountry "TUR"]
[SourceTitle "playchess.com"]
[Source "ChessBase"]
[SourceQuality "1"]
[TimeControl "5400+30"]

1. e4 e5 2. Nc3 Nf6 3. f4 d5 4. fxe5 Nxe4 5. Nf3 Nc6 6. d3 Nxc3 7. bxc3 d4 8. Be2 Be7 9. O-O {[%emt 0:00:00] LiveBook: 7 Games} O-O 10. Bb2 {[%emt 0:00:00] C29: Vienna Game: 2...Nf6 3 f4} Bc5 11. Kh1 dxc3 (11... Re8 12. cxd4 Bxd4 13. Nxd4 Nxd4 14. Bh5 g6 15. Qd2 c5 16. Bf3 Rxe5 17. Rab1 Be6 18. Bxd4 cxd4 19. Rxb7 {½-½ (31) Rogers,I (2582)-Atalik,S (2554) Reykjavik 2004}) 12. Bxc3 Nd4 13. Qd2 Be6 $146 ({Predecessor:} 13... Nxe2 14. Qxe2 Bg4 15. Qe4 Be6 16. Qxb7 Bd5 17. Qb5 Be7 {½-½ (25) Gruettner,R (2050)-Lee,D (1955) Sunningdale 2007}) 14. a4 Nxe2 15. Qxe2 Be7 16. Rab1 b6 17. Nd4 Qd7 18. Rf4 c5 19. Nxe6 fxe6 20. Re4 Rf5 $15 21. g4 Rf7 22. Bd2 Raf8 23. Be3 Qd5 24. Qg2 Bh4 25. g5 Bf2 26. g6 hxg6 27. Bxf2 Rxf2 28. Qxg6 Rxc2 29. Rg1 Rf7 30. Rd1 c4 31. Kg1 cxd3 32. Re3 Qd4 33. Qxd3 Qxd3 34. Rdxd3 Ra2 35. Re4 Rc7 36. Rd8+ Kf7 37. Rd1 Rcc2 38. h4 Kg6 39. Rg4+ Kh6 40. h5 Rc6 41. Rg6+ Kh7 42. Kh1 Rcc2 43. Rxe6 Rh2+ 44. Kg1 Rxh5 45. Rd4 Re2 46. Re7 Rhxe5 47. Rxa7 Rc5 48. Rd1 Rc4 49. Rb1 Ra2 50. Rb7 Rcxa4 51. R7xb6 Rg4+ 52. Kh1 Rgg2 53. R6b3 Rh2+ 54. Kg1 Rag2+ 55. Kf1 Rc2 56. Kg1 Kh6 57. Rg3 Rhd2 58. Rh3+ Kg5 59. Rg3+ Kf6 60. Rf1+ 1/2-1/2

[Event "2nd Turkish League 2017"]
[Site "Konya"]
[Date "2017.07.17"]
[Round "1"]
[White "Arman, Deniz"]
[Black "Eren, Alper"]
[Result "1-0"]
[ECO "B41"]
[WhiteElo "2273"]
[BlackElo "1905"]
[Annotator "NA"]
[PlyCount "119"]
[EventType "team-tourn"]
[EventCountry "TUR"]
[SourceTitle "playchess.com"]
[Source "ChessBase"]
[SourceQuality "1"]
[TimeControl "5400+30"]

1. e4 c5 2. Nf3 e6 3. d4 cxd4 4. Nxd4 a6 5. c4 Nf6 6. Nc3 Qc7 7. a3 Nc6 8. Be3 Be7 9. Rc1 O-O 10. Be2 d6 11. O-O Bd7 12. f3 Ne5 13. b4 b6 14. f4 Ng6 15. Kh1 Rac8 16. Qe1 Qb7 17. Bf3 $11 Qb8 18. Nb3 Rxc4 19. Be2 Rc7 20. Bxa6 Qa7 21. Nb5 Bxb5 22. Bxb5 Rxc1 23. Bxc1 Rc8 24. Nd4 Qb7 25. f5 exf5 26. exf5 Ne5 27. Qe2 Qe4 28. Bb2 Qxe2 29. Bxe2 Nd5 30. Ba6 Rc7 31. Rc1 Rxc1+ 32. Bxc1 Kf8 33. Bb7 Nc7 34. a4 d5 35. Bf4 Bd6 36. Nc6 f6 37. Be3 Nc4 38. Bf2 Ke8 39. a5 bxa5 40. bxa5 Kd7 41. Nb8+ Kd8 42. a6 Nb5 43. a7 Nxa7 44. Bxa7 Bxb8 45. Bxb8 d4 46. Ba6 Nb2 47. Kg1 Nd1 48. Ba7 Ne3 49. Bd3 Ke7 50. Bxd4 Nd5 51. Bc4 Nc7 52. Bc5+ Ke8 53. Bb6 Kd7 54. Kf2 Kc6 55. Bxc7 Kxc7 56. Ke3 Kd6 57. Kd4 g5 58. g4 Kc6 59. Be2 Kd6 60. Bb5 1-0

[Event "2nd Turkish League 2017"]
[Site "Konya"]
[Date "2017.07.17"]
[Round "1"]
[White "Ozturk, Emir"]
[Black "Bek, Emir"]
[Result "0-1"]
[ECO "D36"]
[WhiteElo "2202"]
[BlackElo "1847"]
[Annotator "NA"]
[PlyCount "70"]
[EventType "team-tourn"]
[EventCountry "TUR"]
[SourceTitle "playchess.com"]
[Source "ChessBase"]
[SourceQuality "1"]
[TimeControl "5400+30"]

1. d4 Nf6 2. c4 e6 3. Nc3 d5 4. cxd5 exd5 5. Bg5 Be7 6. e3 O-O 7. Bd3 c6 8. Qc2 h6 9. Bh4 Re8 10. Nge2 Nbd7 11. O-O Nf8 12. Rab1 Ne6 {[%emt 0:07:30] D36: Queen's Gambit Declined: Exchange Variation: Main line (5 Bg5 c6 6 Qc2)} (12... a5 13. Rbe1 Ne4 14. Bxe7 Qxe7 15. Bxe4 dxe4 16. Ng3 b6 17. Rc1 Ba6 18. Rfe1 Bd3 19. Qd1 Qe6 20. f3 {½-½ (36) Vayser,V (2457)-Dimov,I (2497) ICCF email 2012}) 13. b4 b5 $146 ({Predecessor:} 13... a6 14. a4 Ng5 15. Bg3 Bd6 16. Bxd6 Qxd6 17. Ng3 Bd7 18. Nf5 Qf8 19. a5 g6 20. Ng3 {0-1 (77) Sauleda Roig,J (2152)-Ferrer Roig,J (2088) Palma de Mallorca 2001}) 14. a4 a6 15. Rfd1 Bd7 16. f3 Qc7 17. Bf5 Rac8 18. Rdc1 Bd6 19. Bxf6 gxf6 20. axb5 axb5 21. f4 Ng7 22. Nxd5 $19 (22. Bxd7 $11 {and White is okay.} Qxd7 23. e4) 22... cxd5 23. Qxc7 Rxc7 24. Rxc7 Bxf5 25. Rc6 Bxb1 26. Rxd6 Nf5 27. Rxf6 Kg7 28. Rb6 Rxe3 29. Kf2 Re6 30. Rb8 Bd3 31. Nc3 Nxd4 32. Nxd5 Re2+ 33. Kg3 Be4 34. Nc7 Rxg2+ 35. Kh3 Rg6 0-1

[Event "2nd Turkish League 2017"]
[Site "Konya"]
[Date "2017.07.17"]
[Round "1"]
[White "Bayrak, Asli"]
[Black "Aladag, Begum"]
[Result "1-0"]
[ECO "B22"]
[WhiteElo "2056"]
[BlackElo "1379"]
[Annotator "NA"]
[PlyCount "87"]
[EventType "team-tourn"]
[EventCountry "TUR"]
[SourceTitle "playchess.com"]
[Source "ChessBase"]
[SourceQuality "1"]
[TimeControl "5400+30"]

1. e4 c5 2. c3 Nf6 3. e5 Nd5 4. d4 cxd4 5. Nf3 e6 6. cxd4 d6 7. Nc3 Nxc3 $11 {[%emt 0:06:30] LiveBook: 402 Games} 8. bxc3 Be7 9. exd6 Bxd6 10. Bd3 Nd7 11. O-O O-O 12. Bg5 Qa5 13. Qc2 h6 14. Be3 e5 15. Rab1 a6 16. Bh7+ Kh8 17. Be4 Rb8 18. Rfd1 Nf6 19. dxe5 Bxe5 20. Ba7 Ra8 21. Bb6 Qxc3 22. Qxc3 Bxc3 23. Bc5 Re8 24. Bxb7 Bxb7 25. Rxb7 Re2 26. a3 Kg8 27. h3 Ra2 28. Rb3 Ne4 29. Be3 Bb2 30. Rb7 Bxa3 31. Rdd7 Bd6 32. g3 Rf8 33. Ra7 a5 34. Nd4 a4 35. Nf5 Bc5 36. Ne7+ Bxe7 37. Rxe7 Nc3 38. Bc5 Rc8 39. Rxf7 Rxc5 40. Rxg7+ Kf8 41. Rgf7+ Ke8 42. Rh7 Ne2+ 43. Kh2 Rac2 44. Rh8# 1-0

[Event "2nd Turkish League 2017"]
[Site "Konya"]
[Date "2017.07.17"]
[Round "1"]
[White "Yasin, Hur"]
[Black "Yagli, Serhat Orkun"]
[Result "1-0"]
[ECO "B01"]
[WhiteElo "2022"]
[BlackElo "1078"]
[Annotator "NA"]
[PlyCount "87"]
[EventType "team-tourn"]
[EventCountry "TUR"]
[SourceTitle "playchess.com"]
[Source "ChessBase"]
[SourceQuality "1"]
[TimeControl "5400+30"]

1. e4 d5 2. exd5 Nf6 3. d4 Bg4 4. f3 Bf5 5. c4 e6 6. dxe6 Nc6 7. exf7+ Kxf7 8. Be3 Bb4+ 9. Nc3 Re8 10. Kf2 Qe7 11. Qd2 Rad8 12. d5 Ne5 13. h3 c6 14. Re1 cxd5 15. cxd5 Rxd5 16. Nxd5 Bxd2 17. Nxe7 Bxe1+ 18. Kxe1 Rxe7 19. Kf2 Nd3+ 20. Bxd3 Bxd3 21. Bxa7 Nd5 22. Bd4 Nf4 23. h4 Bc4 24. b3 Bb5 25. g4 Ne2 26. Bc5 Re5 27. Be3 Nc3 28. Bd4 Nd1+ 29. Kg3 Re1 30. Rh2 Ne3 31. Bxe3 Rxe3 32. Rc2 Re7 33. Nh3 h6 34. Nf4 Bc6 35. h5 Re3 36. Rf2 b5 37. Ng6 Kf6 38. Kf4 Re6 39. Rc2 Be8 40. Nh4 g5+ 41. hxg6 Bxg6 42. Nxg6 Kxg6 43. Rc5 Rb6 44. Ke4 1-0

[Event "2nd Turkish League 2017"]
[Site "Konya"]
[Date "2017.07.17"]
[Round "1"]
[White "Alaz, Ahmet Efekan"]
[Black "Selvi, Kaan"]
[Result "1-0"]
[ECO "D13"]
[WhiteElo "2015"]
[BlackElo "1826"]
[Annotator "NA"]
[PlyCount "87"]
[EventType "team-tourn"]
[EventCountry "TUR"]
[SourceTitle "playchess.com"]
[Source "ChessBase"]
[SourceQuality "1"]
[TimeControl "5400+30"]

1. d4 c5 2. c3 cxd4 3. cxd4 d5 4. Nc3 Nc6 5. Nf3 Nf6 6. e3 e6 7. Bd3 Bd7 8. O-O Rc8 9. Qe2 Bd6 10. e4 dxe4 11. Nxe4 Nxe4 12. Bxe4 O-O 13. Rd1 f5 14. Bb1 Re8 15. a3 h6 16. Ba2 Qf6 17. Ne5 Qe7 18. Bf4 Nxe5 19. Bxe5 Bxe5 20. dxe5 Rc6 21. Qd3 Bc8 22. Qxf5 Rf8 23. Qg6 Qc5 24. Qg3 Qc2 25. Rab1 b6 26. Bb3 Qf5 27. Rd3 Ba6 28. Rdd1 Rc5 29. Re1 Rfc8 30. Rbd1 Rf8 31. Rd7 g5 32. Rd6 Bc4 33. Bd1 Bd5 34. Bg4 Qe4 35. f3 Qd4+ 36. Qf2 Qc4 37. Qd2 Qb3 38. Rc1 Rfc8 39. Re1 Rc2 40. Qb4 Qd3 41. Bxe6+ Kg7 42. Rxd5 Rxg2+ 43. Kxg2 Rc2+ 44. Kg3 1-0

[Event "2nd Turkish League 2017"]
[Site "Konya"]
[Date "2017.07.17"]
[Round "1"]
[White "Okay, Ilkin Ege"]
[Black "Ozmen, Mustafa Lutfi Poyra"]
[Result "1-0"]
[ECO "B94"]
[WhiteElo "1973"]
[BlackElo "1922"]
[Annotator "NA"]
[PlyCount "47"]
[EventType "team-tourn"]
[EventCountry "TUR"]
[SourceTitle "playchess.com"]
[Source "ChessBase"]
[SourceQuality "1"]
[TimeControl "5400+30"]

1. e4 c5 2. Nf3 d6 3. d4 cxd4 4. Nxd4 Nf6 5. Nc3 a6 6. Bc4 Nbd7 7. Bg5 Qa5 8. Qd2 e6 9. O-O-O Ne5 10. Bb3 b5 11. f4 Nc4 12. Qe2 Bd7 13. Bxc4 bxc4 14. Qxc4 Be7 15. Nb3 Qb6 16. e5 Ng4 17. Bxe7 Ne3 18. Qe4 Bc6 19. Qd3 Nxd1 20. Rxd1 Kxe7 21. Qxd6+ Ke8 22. Nd4 Rc8 23. Nxe6 fxe6 24. Qxe6+ 1-0

[Event "2nd Turkish League 2017"]
[Site "Konya"]
[Date "2017.07.17"]
[Round "1"]
[White "Benk, Tolga Tugay"]
[Black "Buker, Muhittin"]
[Result "1/2-1/2"]
[ECO "D31"]
[WhiteElo "1891"]
[BlackElo "2006"]
[Annotator "NA"]
[PlyCount "110"]
[EventType "team-tourn"]
[EventCountry "TUR"]
[SourceTitle "playchess.com"]
[Source "ChessBase"]
[SourceQuality "1"]
[TimeControl "5400+30"]

1. d4 d5 2. c4 e6 3. cxd5 exd5 4. Nc3 c6 5. Bf4 Nf6 6. e3 Bf5 7. Bd3 Bxd3 8. Qxd3 Bd6 9. Nge2 O-O 10. O-O Qe7 11. a3 Nbd7 12. Bxd6 Qxd6 13. Ng3 Rfe8 14. Rfe1 Nb6 15. Rad1 Nc4 16. Re2 b5 17. a4 Qb4 18. Na2 Qe7 19. Nf5 Qd7 20. b3 g6 21. Ng3 Nd6 22. a5 Rac8 23. Rc2 h5 24. Nf1 h4 25. f3 Nf5 26. Nb4 Re6 27. Na6 Qe8 28. Kf2 Nd7 29. Nc5 Nxc5 30. dxc5 b4 31. Re1 Rb8 32. g4 hxg3+ 33. Nxg3 Nxg3 34. hxg3 Rb5 35. Qd4 Qe7 36. Rh1 Qf6 37. Qxf6 Rxf6 38. Ra1 a6 39. Ke2 g5 40. f4 Re6 41. Kf3 g4+ 42. Kxg4 Rxe3 43. Rh1 Kg7 44. f5 Rxb3 45. f6+ Kg6 46. Rch2 Kxf6 47. Rh6+ Ke7 48. Rxc6 Re3 49. Rh8 b3 50. Kf5 Rb7 51. Rcc8 Rf3+ 52. Ke5 Re3+ 53. Kf5 Rf3+ 54. Ke5 Re3+ 55. Kf5 Re4 1/2-1/2

[Event "2nd Turkish League 2017"]
[Site "Konya"]
[Date "2017.07.17"]
[Round "1"]
[White "Uyanik, Ulas"]
[Black "Kavukcu, Mustafa"]
[Result "1-0"]
[ECO "A25"]
[WhiteElo "1861"]
[BlackElo "1703"]
[Annotator "NA"]
[PlyCount "117"]
[EventType "team-tourn"]
[EventCountry "TUR"]
[SourceTitle "playchess.com"]
[Source "ChessBase"]
[SourceQuality "1"]
[TimeControl "5400+30"]

1. c4 e5 2. g3 g6 3. Bg2 Bg7 4. Nc3 Nc6 5. Rb1 a5 6. a3 f5 7. d3 d6 8. e3 Nf6 9. Nge2 O-O 10. b4 axb4 11. axb4 h6 12. O-O g5 13. f4 Qe7 14. Nd5 Qf7 15. Nec3 Nd8 16. e4 exf4 17. gxf4 g4 18. Bb2 h5 19. Nxf6+ Bxf6 20. Nd5 Bxb2 21. Rxb2 Qg7 22. Qd2 h4 23. Qc3 Qxc3 24. Nxc3 Ne6 25. exf5 Rxf5 26. Nd5 Kf8 27. Be4 Rf7 28. Bg6 Rg7 29. f5 Nd4 30. Nf6 Nf3+ 31. Kh1 b5 32. Rg2 Bb7 33. Nd5 Bxd5 34. cxd5 Ne5 35. d4 Nc4 36. Re2 Re7 37. Rxe7 Kxe7 38. f6+ Kf8 39. Re1 h3 40. Kg1 Nd2 41. Kf2 Nf3 42. Re7 Ng5 43. Rxc7 Kg8 44. Kg3 Rf8 45. Kh4 Nf3+ 46. Kxg4 Rxf6 47. Kh5 Nxh2 48. Kh6 Ng4+ 49. Kg5 h2 50. Rc1 Kg7 51. Rc7+ Kg8 52. Be4 Rh6 53. Kxg4 h1=Q 54. Bxh1 Rxh1 55. Rb7 Rd1 56. Rxb5 Rxd4+ 57. Kf5 Rd1 58. Ke6 Rh1 59. Kxd6 1-0

[Event "2nd Turkish League 2017"]
[Site "Konya"]
[Date "2017.07.17"]
[Round "1"]
[White "Bacak, Ahmet Yagiz"]
[Black "Kerem, Halil Ozgun"]
[Result "0-1"]
[ECO "D37"]
[WhiteElo "1859"]
[BlackElo "2074"]
[Annotator "NA"]
[PlyCount "90"]
[EventType "team-tourn"]
[EventCountry "TUR"]
[SourceTitle "playchess.com"]
[Source "ChessBase"]
[SourceQuality "1"]
[TimeControl "5400+30"]

1. d4 Nf6 2. Nf3 e6 3. c4 a6 4. Nc3 d5 5. cxd5 exd5 6. Bf4 {[%emt 0:03:30] D37: Queen's Gambit Declined: 5 Bf4} c6 (6... Bd6 7. Bg3 O-O 8. e3 Bf5 9. Qb3 Bxg3 10. hxg3 Nc6 11. Be2 Qd6 12. O-O Ne7 13. Ne5 h5 {0-1 (39) Karjakin,S (2783)-Adams,M (2761) Shamkir 2017}) 7. e3 Bf5 $146 ({Predecessor:} 7... Bd6 8. Bg3 Bf5 9. Bd3 Bxd3 10. Qxd3 O-O 11. O-O Bxg3 12. hxg3 Nbd7 13. Qf5 {0-1 (61) De Filomeno,S (2431)-Caprio,G (2418) Rome 2013}) 8. Be2 Be7 9. O-O Nbd7 10. Qb3 Ra7 11. Ne5 O-O 12. Nxd7 Qxd7 13. Qb6 Raa8 14. Qc7 Qxc7 15. Bxc7 Ne4 16. Nxe4 Bxe4 17. Rac1 a5 18. Rfd1 a4 19. a3 f6 20. Bb6 Kf7 21. Bc5 Bxc5 22. Rxc5 Ke7 $11 23. Bd3 Bxd3 24. Rxd3 Ra7 25. Kf1 Rfa8 26. Ke2 Kd6 27. b4 axb3 28. Rxb3 Kc7 29. Rcc3 Ra4 30. Kd2 f5 31. Ke2 Rc4 32. Kd3 b5 33. f4 Re8 34. Kd2 Re6 35. Rxc4 dxc4 36. Rb2 c3+ 37. Kxc3 Rxe3+ 38. Kb4 Rd3 39. g3 Rxd4+ 40. Kc3 Re4 41. Rd2 Re3+ 42. Kb2 g6 43. Ka2 c5 44. Kb2 Kc6 45. Ka2 c4 0-1

[Event "2nd Turkish League 2017"]
[Site "Konya"]
[Date "2017.07.17"]
[Round "1"]
[White "Altunbay, Onder"]
[Black "Aladag, Yigit Dogan"]
[Result "0-1"]
[ECO "B95"]
[WhiteElo "1830"]
[BlackElo "1586"]
[Annotator "NA"]
[PlyCount "140"]
[EventType "team-tourn"]
[EventCountry "TUR"]
[SourceTitle "playchess.com"]
[Source "ChessBase"]
[SourceQuality "1"]
[TimeControl "5400+30"]

1. e4 c5 2. Nf3 d6 3. d4 cxd4 4. Nxd4 Nf6 5. Nc3 a6 6. Bg5 e6 7. Qe2 Be7 8. O-O-O b5 9. a3 Bb7 10. f4 Nbd7 11. g4 Qc7 12. Bh4 Nxe4 13. Nxe4 Bxh4 14. Nf5 d5 15. Nd2 Bf6 16. g5 Rc8 17. Ne4 Be7 18. Nxe7 Qxf4+ 19. Kb1 Kxe7 20. Ng3 Ne5 21. Bg2 Rhd8 22. Rhf1 Qxg5 23. Rde1 Nc4 24. Rf2 Rc6 25. Qd3 Qg6 26. Qb3 Kf8 27. Bf3 f6 28. Bh5 Qg5 29. Qb4+ Rcd6 30. Rxe6 Bc8 31. Rxd6 Nxd6 32. Re2 g6 33. Bf3 Kf7 34. Qc5 Be6 35. Qa7+ Rd7 36. Qxa6 Qf4 37. Bg2 Qd4 38. Ka2 Bg4 39. Qc6 Qc4+ 40. Qxc4 Nxc4 41. Re1 d4 42. Bc6 Rc7 43. Bd5+ Kg7 44. Nf1 Rc5 45. Bxc4 Rxc4 46. Kb3 Bf5 47. Re2 d3 48. cxd3 Bxd3 49. Rf2 Bxf1 50. Rxf1 f5 51. Rd1 Rc5 52. Kb4 Re5 53. Rd2 Kf6 54. a4 bxa4 55. Kxa4 f4 56. b4 g5 57. b5 f3 58. b6 Re2 59. Rd1 Rb2 60. Ka5 Ke5 61. Ka6 Ke4 62. b7 f2 63. Ra1 Ke3 64. Ka7 Ke2 65. b8=Q Rxb8 66. Ra2+ Kf3 67. Ra3+ Kg2 68. Kxb8 f1=Q 69. Rg3+ Kxh2 70. Rxg5 Qf4+ 0-1

[Event "2nd Turkish League 2017"]
[Site "Konya"]
[Date "2017.07.17"]
[Round "1"]
[White "Karahan, Anil"]
[Black "Cannesar, Rad"]
[Result "1-0"]
[ECO "D60"]
[WhiteElo "1791"]
[BlackElo "1979"]
[Annotator "NA"]
[PlyCount "47"]
[EventType "team-tourn"]
[EventCountry "TUR"]
[SourceTitle "playchess.com"]
[Source "ChessBase"]
[SourceQuality "1"]
[TimeControl "5400+30"]

1. d4 d5 2. c4 e6 3. Nf3 Nf6 4. Nc3 Nbd7 5. Bg5 Be7 6. e3 O-O 7. Bd3 c6 8. O-O h6 9. Bh4 dxc4 10. Bxc4 Nb6 11. Bd3 Nbd5 12. Bg3 c5 13. e4 Nxc3 14. bxc3 b6 15. Qe2 Bb7 16. Rac1 Qc8 17. Rfe1 Rd8 18. a4 Bc6 19. Ne5 c4 20. Nxc6 Qxc6 21. Bxc4 Nxe4 22. Bxe6 Ba3 23. Bxf7+ Kxf7 24. Qa2+ 1-0

[Event "2nd Turkish League 2017"]
[Site "Konya"]
[Date "2017.07.17"]
[Round "1"]
[White "Gulten, Erman"]
[Black "Yilmaz, Muhammed"]
[Result "1-0"]
[ECO "D53"]
[WhiteElo "1779"]
[BlackElo "1454"]
[Annotator "NA"]
[PlyCount "69"]
[EventType "team-tourn"]
[EventCountry "TUR"]
[SourceTitle "playchess.com"]
[Source "ChessBase"]
[SourceQuality "1"]
[TimeControl "5400+30"]

1. d4 d5 2. Nf3 Nf6 3. c4 c6 4. Nc3 e6 5. Bg5 Be7 6. e3 O-O 7. Qc2 Nbd7 8. Bd3 dxc4 9. Bxc4 Qa5 10. O-O h6 11. Bh4 e5 12. a3 exd4 13. exd4 Qh5 14. Bg3 Nb6 15. Bd3 Bg4 16. Rae1 Rfe8 17. Re5 g5 18. Nd2 Bf8 19. f3 Bd7 20. Nde4 Bg7 21. Nd6 Rf8 22. Rfe1 Nfd5 23. Nxd5 Nxd5 24. Nxb7 Bxe5 25. Bxe5 f6 26. Bg6 Qh4 27. g3 Qh3 28. Bd6 Kg7 29. Bxf8+ Rxf8 30. Nd6 f5 31. Be8 Bxe8 32. Nxe8+ Kg8 33. Qxc6 Nf4 34. gxf4 Qh5 35. Nf6+ 1-0

[Event "2nd Turkish League 2017"]
[Site "Konya"]
[Date "2017.07.17"]
[Round "1"]
[White "Ozen, Ali"]
[Black "Akca, Gani Eren"]
[Result "0-1"]
[ECO "D00"]
[WhiteElo "1705"]
[BlackElo "2158"]
[Annotator "NA"]
[PlyCount "82"]
[EventType "team-tourn"]
[EventCountry "TUR"]
[SourceTitle "playchess.com"]
[Source "ChessBase"]
[SourceQuality "1"]
[TimeControl "5400+30"]

1. d4 Nf6 2. Nc3 d5 3. Bf4 Bf5 4. Nf3 e6 5. Nh4 Bg4 6. h3 Bh5 7. g4 Bg6 8. Bg2 Bb4 9. O-O c6 10. Bg5 Nbd7 11. f4 Bxc3 12. bxc3 Be4 13. Bxe4 dxe4 14. f5 Qa5 15. Bxf6 Nxf6 16. fxe6 fxe6 17. Rb1 O-O-O 18. Rb3 Qg5 19. Ng2 h5 20. Qc1 Qxc1 21. Rxc1 hxg4 22. Rcb1 gxh3 23. Rxb7 hxg2 24. Kxg2 Rh5 25. Rxa7 Rd7 26. Ra8+ Kc7 27. c4 Rg5+ 28. Kf1 Rxd4 29. c5 Rxc5 30. Ra7+ Kd6 31. Rxg7 Rxc2 32. Rg6 Nd5 33. a4 Rxa4 34. Rd1 e3 35. Kg2 Rxe2+ 36. Kf3 Rf2+ 37. Kg3 Raf4 38. Rg8 Rf1 39. Rd3 Rg1+ 40. Kh2 Rxg8 41. Kh3 Rf7 0-1

[Event "2nd Turkish League 2017"]
[Site "Konya"]
[Date "2017.07.17"]
[Round "1"]
[White "Tokat, Nehir"]
[Black "Koc, Aylin"]
[Result "1-0"]
[ECO "E43"]
[WhiteElo "1699"]
[BlackElo "1550"]
[Annotator "NA"]
[PlyCount "57"]
[EventType "team-tourn"]
[EventCountry "TUR"]
[SourceTitle "playchess.com"]
[Source "ChessBase"]
[SourceQuality "1"]
[TimeControl "5400+30"]

1. d4 Nf6 2. c4 e6 3. Nc3 Bb4 4. e3 Bxc3+ 5. bxc3 b6 6. Bd3 Bb7 7. f3 d5 8. Ne2 Nbd7 9. O-O O-O 10. Qc2 h6 11. e4 dxc4 12. Bxc4 c5 13. Bf4 Rc8 14. Qd3 Qe7 15. Be3 cxd4 16. cxd4 e5 17. d5 Qd6 18. Rac1 Nc5 19. Qd2 Kh7 20. Ng3 Ng8 21. Nf5 Qf6 22. g4 g5 23. h4 gxh4 24. Qh2 Ne7 25. Nxh4 Rg8 26. Kh1 a6 27. Rg1 Ng6 28. g5 Qd8 29. Nf5 1-0

[Event "2nd Turkish League 2017"]
[Site "Konya"]
[Date "2017.07.17"]
[Round "1"]
[White "Turan, Erkan"]
[Black "Duman, Aydin"]
[Result "0-1"]
[ECO "B27"]
[WhiteElo "1669"]
[BlackElo "2056"]
[Annotator "NA"]
[PlyCount "84"]
[EventType "team-tourn"]
[EventCountry "TUR"]
[SourceTitle "playchess.com"]
[Source "ChessBase"]
[SourceQuality "1"]
[TimeControl "5400+30"]

1. e4 c5 2. Nf3 g6 3. Bc4 Bg7 4. d3 e6 5. Nc3 Ne7 6. e5 O-O 7. Bf4 d6 8. exd6 Nf5 9. h4 Nxd6 10. Bxd6 Qxd6 11. Ne4 Qc6 12. a4 Bxb2 13. h5 Nd7 14. hxg6 hxg6 15. Qd2 Bg7 16. c3 f5 17. Neg5 Nb6 18. Bb5 Qd6 19. a5 Nd5 20. Rc1 Qf4 21. g3 Qxd2+ 22. Kxd2 Nc7 23. Bc4 b5 24. Ba2 Rd8 25. Rh7 Bb7 26. Rch1 Bxf3 27. Nxf3 Nd5 28. Ng5 Bxc3+ 29. Kc1 c4 30. dxc4 Nb4 31. Bb3 Bd2+ 32. Kb1 Bxg5 33. cxb5 Nd5 34. Rh8+ Kf7 35. R8h7+ Kf8 36. Rh8+ Ke7 37. R8h7+ Kd6 38. f4 Bf6 39. Rc1 Nc3+ 40. Kc2 Nxb5 41. Rd1+ Nd4+ 42. Kb1 Rab8 0-1

[Event "2nd Turkish League 2017"]
[Site "Konya"]
[Date "2017.07.17"]
[Round "1"]
[White "Ince, Ali Emre"]
[Black "Ibik, Halit Yavuz"]
[Result "0-1"]
[ECO "B22"]
[WhiteElo "1591"]
[BlackElo "2004"]
[Annotator "NA"]
[PlyCount "60"]
[EventType "team-tourn"]
[EventCountry "TUR"]
[SourceTitle "playchess.com"]
[Source "ChessBase"]
[SourceQuality "1"]
[TimeControl "5400+30"]

1. e4 c5 2. c3 d5 3. exd5 Qxd5 4. d4 Nc6 5. Nf3 Nf6 6. dxc5 Qxd1+ 7. Kxd1 Bg4 8. Be2 e5 9. b4 a5 10. b5 O-O-O+ 11. Ke1 Bxf3 12. gxf3 Nb8 13. Rg1 Nd5 14. Bc4 g6 15. Ba3 f5 16. Bxd5 Rxd5 17. c4 Rd4 18. Nd2 Rd3 19. Bb2 Bh6 20. Rd1 Rhd8 21. Bc1 Nd7 22. Nb3 Nxc5 23. Rxd3 Nxd3+ 24. Ke2 Nxc1+ 25. Nxc1 Rd2+ 26. Ke1 Rb2 27. Kd1 Rxf2 28. Nb3 Rxa2 29. Re1 a4 30. Nc1 Rd2# 0-1

[Event "2nd Turkish League 2017"]
[Site "Konya"]
[Date "2017.07.17"]
[Round "1"]
[White "Ozaltun, Ecem"]
[Black "Simsek, Meltem"]
[Result "0-1"]
[ECO "A46"]
[WhiteElo "1567"]
[BlackElo "1752"]
[Annotator "NA"]
[PlyCount "88"]
[EventType "team-tourn"]
[EventCountry "TUR"]
[SourceTitle "playchess.com"]
[Source "ChessBase"]
[SourceQuality "1"]
[TimeControl "5400+30"]

1. d4 Nf6 2. Nf3 c5 3. e3 Qc7 4. b3 b6 5. Bb2 Bb7 6. Bd3 d6 7. Nbd2 Nbd7 8. Rc1 g6 9. c4 Bg7 10. d5 O-O 11. Qc2 b5 12. O-O b4 13. Rfe1 e5 14. e4 Nb6 15. Rcd1 Nh5 16. g3 Bc8 17. Nf1 a5 18. Ne3 a4 19. Bc1 Bh3 20. Ng5 Bd7 21. Be2 h6 22. Bxh5 hxg5 23. Bg4 Bxg4 24. Nxg4 Qd7 25. Qe2 f5 26. exf5 gxf5 27. Ne3 f4 28. Nc2 axb3 29. axb3 Qh3 30. Qd3 Ra2 31. Rd2 Rf6 32. Qf1 Qh7 33. Qe2 f3 34. Qd3 Qxd3 35. Rxd3 Rxc2 36. Bxg5 Rf5 37. Bd8 Nd7 38. Rb1 Kf8 39. Bc7 Ke7 40. h4 e4 41. Re3 Nf6 42. g4 Rf4 43. g5 Ng4 44. Rf1 Nxe3 0-1

[Event "2nd Turkish League 2017"]
[Site "Konya"]
[Date "2017.07.17"]
[Round "1"]
[White "Turkkan, Ece"]
[Black "Yalcinkaya, Eda"]
[Result "1-0"]
[ECO "D86"]
[WhiteElo "1532"]
[BlackElo "1385"]
[Annotator "NA"]
[PlyCount "124"]
[EventType "team-tourn"]
[EventCountry "TUR"]
[SourceTitle "playchess.com"]
[Source "ChessBase"]
[SourceQuality "1"]
[TimeControl "5400+30"]

1. d4 Nf6 2. c4 d5 3. Nc3 Nc6 4. cxd5 Nxd5 5. e4 Nxc3 6. bxc3 g6 7. Nf3 Bg7 8. Bc4 O-O 9. O-O a6 10. a4 Bd7 11. Bf4 e6 12. e5 Na5 13. Be2 Bc6 14. Nd2 b5 15. Bf3 Qd7 16. Re1 Nb7 17. Ne4 f6 18. Nd2 Rab8 19. exf6 Bxf6 20. Be5 Bxe5 21. Rxe5 Nd8 22. Qe2 Qf7 23. Bxc6 Nxc6 24. Rxe6 Rb6 25. Nf3 bxa4 26. Rd1 Qd7 27. d5 Nd8 28. Re7 Qb5 29. c4 Qc5 30. Qe5 Rf7 31. Re8+ Rf8 32. Re7 Rf7 33. Re8+ Rf8 34. Re1 Nf7 35. Qe7 Qxe7 36. R8xe7 c5 37. Rc7 a3 38. Rxc5 Nd6 39. h3 Rb4 40. Ra5 Nxc4 41. Rxa6 Rd8 42. Ne5 Rxd5 43. Nxc4 Rxc4 44. Rxa3 Kg7 45. Ra6 Rd2 46. Re7+ Kh6 47. Raa7 Rc1+ 48. Kh2 Rxf2 49. Rxh7+ Kg5 50. Ra5+ Kf6 51. Ra6+ Kg5 52. h4+ Kf4 53. Rxg6 Ke3 54. Re6+ Kd4 55. h5 Rc5 56. Rg6 Ke4 57. Rg8 Rcc2 58. h6 Rf5 59. Rg3 Rh5+ 60. Rh3 Rg5 61. Rg7 Rf5 62. h7 Kd5 1-0

[Event "2nd Turkish League 2017"]
[Site "Konya"]
[Date "2017.07.17"]
[Round "1"]
[White "Bolu, Yagmur"]
[Black "Ozturk, Ecem"]
[Result "1-0"]
[ECO "D12"]
[WhiteElo "1464"]
[BlackElo "1271"]
[Annotator "NA"]
[PlyCount "147"]
[EventType "team-tourn"]
[EventCountry "TUR"]
[SourceTitle "playchess.com"]
[Source "ChessBase"]
[SourceQuality "1"]
[TimeControl "5400+30"]

1. d4 d5 2. c4 c6 3. Nf3 Nf6 4. e3 Bf5 5. Nc3 e6 6. Nh4 Bg6 7. Nxg6 hxg6 8. Bd3 Be7 9. g4 dxc4 10. Bxc4 Nd5 11. Bd2 Qc7 12. h3 Nxc3 13. Bxc3 Nd7 14. Qf3 Nb6 15. Bb3 Nd5 16. e4 Nxc3 17. bxc3 a5 18. a4 Rc8 19. O-O g5 20. Rac1 O-O 21. c4 Qf4 22. Qxf4 gxf4 23. c5 g5 24. Rfe1 Rfd8 25. d5 e5 26. d6 Bf8 27. Bc4 Rd7 28. Rb1 Ra8 29. Rb3 Ra7 30. Kg2 Bg7 31. f3 Bf6 32. Kf2 Bd8 33. Ke2 Kg7 34. Reb1 Kf6 35. Kd3 Kg7 36. Kc3 Kf6 37. R3b2 Kg7 38. Rg2 Kg6 39. Kc2 Kg7 40. h4 gxh4 41. g5 h3 42. Rh2 Bxg5 43. Rg1 Kf6 44. Rxh3 Ra8 45. Rh2 Rf8 46. Rh5 Rg8 47. Kc3 Rg6 48. Kc2 Rg8 49. Kc3 Rg6 50. Bf1 Rd8 51. Bh3 Rdg8 52. Bf5 R6g7 53. Kc4 Rd8 54. d7 Rdg8 55. Rg2 Ke7 56. Rd2 Rb8 57. Rb2 f6 58. Rhh2 Rf7 59. Rb6 Rg7 60. Rhb2 Rgg8 61. Rxb7 Rxb7 62. Rxb7 Bh4 63. Rc7 Rb8 64. Rxc6 Rb4+ 65. Kd3 Rd4+ 66. Ke2 Rb4 67. Rc8 Rb2+ 68. Kd3 Rb3+ 69. Kc2 Kf7 70. d8=Q Rc3+ 71. Kxc3 Be1+ 72. Kc2 Kg7 73. Qg8+ Kh6 74. Qg6# 1-0